 Dungeon Crawl Stone Soup version 0.26-a0-682-g294304f6e8 (webtiles) character file.

Game seed: 8833238631262516826

10033 robertstho the Frost Mage (level 11, -4/77 HPs)
             Began as a Merfolk Ice Elementalist on Oct 20, 2020.
             Was an Elder of Sif Muna.
             Slain by a wolf (8 damage)
             ... on level 1 of the Lair of Beasts.
             The game lasted 00:36:31 (12464 turns).

robertstho the Frost Mage (MfIE)                   Turns: 12464, Time: 00:36:32

Health: -4/77      AC:  4    Str: 15    XL:     11   Next: 55%
Magic:  8/24       EV: 17    Int: 18    God:    Sif Muna [****..]
Gold:   947        SH:  0    Dex: 14    Spells: 14/29 levels left

rFire    . . .     SeeInvis .   A - +1 glaive (vorpal)
rCold    . . .     Faith    .   (shield currently unavailable)
rNeg     . . .     Spirit   .   m - +0 robe (curse)
rPois    .         Reflect  .   U - +0 helmet
rElec    .         Harm     .   I - +0 cloak
rCorr    +         Rampage  .   (no gloves)
MR       .....                  (no boots)
Stlth    +++.......             f - amulet of regeneration
HPRegen  0.62/turn              C - +6 ring of strength
MPRegen  0.19/turn              E - ring of resist corrosion

@: frozen ramparts
A: change form in water, swift swim, stealthy swim
a: Channel Magic, Forget Spell, Divine Exegesis, Renounce Religion


You were on level 1 of the Lair of Beasts.
You worshipped Sif Muna.
Sif Muna was greatly pleased with you.
You visited 3 branches of the dungeon, and saw 11 of its levels.
You also visited: Bailey.

You collected 947 gold pieces.

Inventory:

Hand Weapons
 c - a +0 spear
 x - a +2 vorpal falchion
 A - a +1 vorpal glaive (weapon)
 M - the +7 hand axe "Feug" {freeze, +Inv Str+4 Dex-2, unknown}
   (You found it on level 8 of the Dungeon)

   It has been specially enchanted to freeze those struck by it, causing extra
   injury to most foes and up to half again as much damage against particularly
   susceptible opponents.
   It can also slow down cold-blooded creatures.
   It affects your strength (+4).
   It affects your dexterity (-2).
   It lets you turn invisible.
 R - a +1 spear of freezing
Missiles
 j - 57 poisoned darts (quivered)
 r - 70 boomerangs
 v - 7 curare-tipped darts
Armour
 m - a cursed +0 robe (worn)
 B - +0 acid dragon scales
 I - a +0 cloak (worn)
 U - a +0 helmet (worn)
 V - a +2 robe of cold resistance
Magical Staves
 u - an uncursed staff of cold
Jewellery
 f - an amulet of regeneration (around neck)
 k - an uncursed ring of protection from cold
 C - a +6 ring of strength (left hand)
 E - a ring of resist corrosion (right hand)
Wands
 l - a wand of polymorph (7)
 y - a wand of paralysis (29)
 z - a wand of random effects (48)
 H - a wand of flame (23)
 J - a wand of acid (11)
 P - a wand of disintegration (15)
Scrolls
 a - 2 scrolls of enchant armour {unknown}
 b - a scroll of brand weapon {unknown}
 d - 2 scrolls of fear {unknown}
 i - 5 scrolls of teleportation
 p - 6 scrolls of amnesia
 q - 6 scrolls of remove curse
 s - a scroll of blinking
 t - a scroll of enchant weapon
 G - a scroll of immolation {unknown}
 O - a scroll of random uselessness {unknown}
 S - a scroll of noise {unknown}
 T - a scroll of holy word {unknown}
Potions
 e - a potion of ambrosia
 g - 3 potions of flight
 h - a potion of berserk rage {unknown}
 n - 2 potions of stabbing
 o - a potion of curing
 w - 4 potions of lignification
 F - a potion of magic
 K - 2 potions of resistance {unknown}
 L - a potion of cancellation
 N - a potion of haste
Miscellaneous
 Q - a box of beasts (3/3)


   Skills:
 + Level 4.2 Fighting
 + Level 6.8(7.1) Polearms
 + Level 1.5(2.9) Staves
 * Level 8.8 Dodging
 + Level 5.0 Stealth
 * Level 9.8 Spellcasting
 + Level 3.1 Summonings
 * Level 11.6 Ice Magic


You had 14 spell levels left.
You knew the following spells:

 Your Spells              Type           Power        Failure   Level
a - Freeze                Ice            ####         1%          1
b - Frozen Ramparts       Ice            ######       1%          3
c - Ozocubu's Armour      Ice            ######..     1%          3
d - Hailstorm             Conj/Ice       ####....     8%          4
e - Summon Ice Beast      Ice/Summ       #####...     3%          4

Your spell library contained the following spells:

 Spells                   Type           Power        Failure   Level
 Call Imp                 Summ           ###.....     3%          2
 Ice Form                 Ice/Tmut       ####....     8%          4
 Beastly Appendage        Tmut           #.....       9%          1
 Corona                   Hex            #......      9%          1
 Magic Dart               Conj           #...         9%          1
 Blink                    Tloc           N/A          12%         2
 Slow                     Hex            #.......     12%         2
 Wereblood                Tmut           #.......     12%         2
 Conjure Flame            Conj/Fire      #.......     24%         3
 Inner Flame              Hex/Fire       #.......     24%         3
 Mephitic Cloud           Conj/Pois/Air  #.......     24%         3
 Portal Projectile        Hex/Tloc       #.....       24%         3
 Spider Form              Tmut/Pois      #.........   24%         3
 Cause Fear               Hex            #.........   63%         4
 Leda's Liquefaction      Hex/Erth       #.........   63%         4
 Blade Hands              Tmut           #.........   92%         5


Dungeon Overview and Level Annotations

Branches:
Dungeon (9/15)             Temple (1/1) D:7            Lair (1/6) D:8
    Orc (0/2) D:9          Bailey (visited)

Altars:
Ashenzari
Cheibriados
Dithmenos
Elyvilon
Fedhas
Gozag
Hepliaklqana
Kikubaaqudgha
Makhleb
Nemelex Xobeh
Okawaru
Qazlal
Ru
Sif Muna
Trog
Uskayaw
Vehumet
Wu Jian
Xom
Yredelemnul
Zin
The Shining One
Beogh

Shops:
D:4 (   D:8 }

Annotations:
Lair:1 exclusion: oklob plant


Message History

Unknown command.
The wolf bites something.
The wall freezes the wolf.
The wolf bites something!
The wall freezes the wolf. x2
The wall freezes the wolf. x2
You hit the wolf but do no damage.
The wolf is almost dead.
The wall freezes the wolf but do no damage.
The wolf misses you.
The wall freezes the wolf.
The wolf bites you!
* * * LOW HITPOINT WARNING * * *
Unknown command.
Evoke which item? (* to show all) (? for menu, Esc to quit)
Aiming: Corrosive Bolt
Press: ? - help, Shift-Dir - straight line, f - wolf
Aim: a wolf (almost dead)
The bolt of acid misses the wolf.
The wolf bites you.
* * * LOW HITPOINT WARNING * * *
The wolf bites you.
* * * LOW HITPOINT WARNING * * *
The wolf bites you but does no damage. The wolf bites you!
You die...

........##.≈≈.##...##....##...#..
........##..≈.#*#...##Y...####...
........###.≈.###....#.#.........
........##..≈#.##....h.###.......
........##.###.##........###..#,.
........##.....##........P#*..#,*
##P#..##.##...#######Ph..##*.+#**
########........##.##....##...,,,
#.#### #†..÷##..@h...#....#...,,,
##...###....##...h.†##...#....,,,
.....'......##.......+........,,,
#P#+####....##......##.....(((,,,
###.####....#####.#.##......P.,,*
###...##....####..#.##.....P(.,,,
..............................,,,
..............................,,,
.......>.)....................,,,


You could see 2 wolves.

Vanquished Creatures
  A two-headed ogre (D:5)
  A lindwurm (Lair:1)
  Pikel (D:8)
  Maurice (D:8)
  A black mamba (Lair:1)
  A cane toad (Lair:1)
  Maggie (D:6)
  Prince Ribbit (D:8)
  Sigmund (D:3)
  A wyvern (D:9)
  A warg (D:9)
  2 nameless horrors
  2 water moccasins (Lair:1)
  2 ice beasts
  Duvessa (D:7)
  7 orc warriors
  A sky beast (D:9)
  A black bear (D:6)
  7 ogres
  2 necrophages
  2 wolves (Lair:1)
  2 centaurs
  A phantom (D:5)
  4 lemures (D:8)
  A big kobold (D:9)
  4 bullfrogs
  A gnoll sergeant (D:5)
  A wyvern zombie (D:9)
  A water moccasin zombie (D:7)
  A wyvern skeleton (D:9)
  A water moccasin skeleton (D:9)
  3 scorpions
  10 wights
  5 howler monkeys
  A centaur zombie (D:8)
  4 hounds
  2 centaur skeletons
  5 jellies
  Crazy Yiuf (D:3)
  A bullfrog skeleton (D:4)
  A bullfrog zombie (D:5)
  8 orc priests
  10 orc wizards
  3 iguanas (D:4)
  5 worker ants
  9 adders
  3 gnolls
  A white imp (D:5)
  3 ufetubi
  2 oozes
  4 worms
  3 dart slugs
  2 leopard geckos
  29 orcs
  4 bats
  3 giant cockroaches
  13 goblins
  7 hobgoblins
  10 jackals
  15 kobolds
  5 quokkas
  2 frilled lizards
  A leopard gecko skeleton (D:4)
  A quokka skeleton (D:6)
  A quokka zombie (D:8)
  6 rats
238 creatures vanquished.

Vanquished Creatures (collateral kills)
  A black mamba (Lair:1)
  A cane toad (Lair:1)
  2 komodo dragons
  Grinder (D:3)
  A sky beast (D:8)
  A black bear (Lair:1)
  3 orc warriors
  A necrophage (D:8)
  A phantom (D:9)
  A centaur (D:8)
  Dowan (D:7)
  3 wights (D:9)
  2 orc priests
  An iguana (D:9)
  A hound skeleton (D:8)
  2 gnolls (Bailey)
  An adder skeleton (D:7)
  A worm (D:5)
  An orc (D:9)
  A ball python (D:5)
  10 kobolds (Bailey)
37 creatures vanquished.

Vanquished Creatures (others)
  A howler monkey (D:5)
  4 fungi (Lair:1)
  51 plants
56 creatures vanquished.

Grand Total: 331 creatures vanquished

Notes
Turn   | Place    | Note
-------+----------+-------------------------------------------
     0 | D:1      | robertstho the Merfolk Ice Elementalist began the quest for
                  | the Orb.
     0 | D:1      | Reached XP level 1. HP: 13/13 MP: 3/3
   211 | D:1      | Reached XP level 2. HP: 12/19 MP: 1/5
   405 | D:1      | Reached skill level 5 in Ice Magic
   753 | D:1      | Reached XP level 3. HP: 19/24 MP: 3/6
   974 | D:1      | Learned a level 3 spell: Frozen Ramparts
  1311 | D:2      | Found a glowing golden altar of the Shining One.
  1578 | D:2      | Reached skill level 1 in Polearms
  2161 | D:3      | Noticed Grinder
  2245 | D:3      | Noticed Sigmund
  2496 | D:3      | Paralysed by Grinder for 3 turns
  2501 | D:3      | Paralysed by Grinder for 5 turns
  2519 | D:4      | Reached XP level 4. HP: 26/31 MP: 2/8
  2524 | D:4      | Learned a level 3 spell: Ozocubu's Armour
  2604 | D:4      | Noticed an ogre
  2614 | D:4      | Killed an ogre
  2614 | D:4      | Reached XP level 5. HP: 23/36 MP: 2/10
  2625 | D:4      | Learned a level 4 spell: Hailstorm
  2693 | D:4      | Noticed an ogre
  2705 | D:4      | Killed an ogre
  2705 | D:4      | Reached XP level 6. HP: 42/42 MP: 6/11
  2863 | D:4      | Found Deirid's Antique Weapon Shop.
  2869 | D:4      | Reached skill level 6 in Ice Magic
  3551 | D:5      | Entered Level 5 of the Dungeon
  3642 | D:5      | Reached skill level 1 in Fighting
  3642 | D:5      | Reached XP level 7. HP: 48/48 MP: 9/13
  4048 | D:5      | Noticed a two-headed ogre
  4082 | D:5      | Killed a two-headed ogre
  4082 | D:5      | Reached skill level 1 in Staves
  4082 | D:5      | Reached skill level 5 in Dodging
  4082 | D:5      | Reached skill level 5 in Spellcasting
  4082 | D:5      | Reached skill level 7 in Ice Magic
  4082 | D:5      | Reached XP level 8. HP: 56/56 MP: 7/16
  4117 | D:6      | Learned a level 4 spell: Summon Ice Beast
  4203 | D:6      | Found a radiant altar of Vehumet.
  4248 | D:6      | Reached skill level 8 in Ice Magic
  5084 | D:6      | Noticed Maggie
  5099 | D:6      | Killed Maggie
  5099 | D:6      | Reached XP level 9. HP: 22/62 MP: 1/18
  5553 | D:7      | Reached skill level 9 in Ice Magic
  5571 | D:7      | Found a staircase to the Ecumenical Temple.
  5579 | Temple   | Entered the Ecumenical Temple
  5737 | Temple   | Became a worshipper of Sif Muna the Loreminder
  6151 | D:7      | Noticed Duvessa
  6151 | D:7      | Noticed Dowan
  6162 | D:7      | Killed Duvessa
  6167 | D:7      | Killed Dowan
  6432 | D:5      | Found a stormy altar of Qazlal.
  6862 | D:5      | Reached skill level 1 in Summonings
  7139 | D:5      | Found a glowing silver altar of Zin.
  7139 | D:5      | Noticed an angel
  7417 | D:3      | Killed Grinder
  7417 | D:3      | Reached XP level 10. HP: 70/70 MP: 5/21
  7593 | D:3      | Reached * piety under Sif Muna
  7671 | D:3      | Killed Sigmund
  7671 | D:3      | Reached skill level 10 in Ice Magic
  7867 | D:3      | Found a runed translucent door.
  7868 | D:3      | Noticed Crazy Yiuf
  8342 | D:3      | Killed Crazy Yiuf
  8629 | D:8      | Noticed Prince Ribbit
  8632 | D:8      | Noticed Maurice
  8645 | D:8      | Killed Prince Ribbit
  8648 | D:8      | Killed Maurice
  8648 | D:8      | Reached skill level 5 in Polearms
  8836 | D:8      | Noticed Pikel
  8843 | D:8      | Killed Pikel
  8848 | D:8      | Got a translucent hand axe
  9004 | D:8      | Found a bloodstained altar of Trog.
  9004 | D:8      | Found a shadowy altar of Dithmenos.
  9401 | D:8      | Found Ryifyq's Gadget Emporium.
  9418 | D:8      | Found a broken altar of Ashenzari.
  9418 | D:8      | Found a glowing golden altar of the Shining One.
  9418 | D:8      | Found an iron altar of Okawaru.
  9421 | D:8      | Found an opulent altar of Gozag.
  9516 | D:8      | Found a staircase to the Lair.
  9638 | D:9      | Reached ** piety under Sif Muna
 10086 | D:9      | Found a flagged portal.
 10095 | Bailey   | Entered a bailey
 10276 | Bailey   | Reached *** piety under Sif Muna
 10280 | Bailey   | Reached XP level 11. HP: 77/77 MP: 1/23
 10446 | D:9      | Reached skill level 11 in Ice Magic
 10585 | D:9      | Found a staircase to the Orcish Mines.
 11067 | D:9      | Found a roughly hewn altar of Beogh.
 11371 | D:9      | Reached **** piety under Sif Muna
 11721 | Lair:1   | Entered Level 1 of the Lair of Beasts
 11759 | Lair:1   | Found a dark tunnel.
 11759 | Lair:1   | Noticed a lindwurm
 11778 | Lair:1   | Killed a lindwurm
 11859 | Lair:1   | Reached skill level 5 in Stealth
 11894 | Lair:1   | Noticed an oklob plant
 12464 | Lair:1   | Slain by a wolf

Illustrated notes

Levels and vault maps discovered:
D:1:      minmay_arrival_glassed_features, layout_loops_corners
D:2:      layout_loops_corners, tso_metal_star
D:3:      layout_loops_ring, lemuel_flame_loot_1, uniq_crazy_yiuf_cottage,
          uniq_sigmund, uniq_grinder
D:4:      layout_basic, serial_shops, nicolae_shop_statue_plus
D:5:      cheibrodos_fzero, layout_basic, zin_angel,
          cheibrodos_sewer_entry_drain, nicolae_qazlal_eye_of_the_storm
D:6:      layout_basic, lemuel_doored_altar, uniq_maggie
D:7:      layout_basic, temple_fountains, uniq_duvessa
D:8:      layout_rooms, minitemple, chequers_temple_overflow_statue_of_worship,
          david_lair_shrubbed, serial_shops, shop, uniq_maurice, uniq_pikel,
          uniq_prince_ribbit1
D:9:      layout_roguey, erik_orc_3, enter_bailey_2, david_defended_altar_orc
Temple:   zaba_magenta_temple
Lair:1:   layout_regular_city, nicolae_volcano_entry_vermiform,
          cheibrodos_lair_lostbears, grunt_megastairs_2, lemuel_fruit_tree,
          serial_bayou_shore_b, minmay_lair_oklob_chamber, uniq_gastronok

Skill      XL: |  1  2  3  4  5  6  7  8  9 10 11 |
---------------+----------------------------------+-----
Ice Magic      | 5 6 7 8 9 10 11 | 11.6
Dodging        | 3 4 5 6 7 8 |  8.8
Polearms       | 1 2 4 6 |  6.8
Spellcasting   | 3 4 5 6 7 8 9 |  9.8
Stealth        | 3 4 5 |  5.0
Fighting       | 1 2 3 4 |  4.2
Staves         | 1 |  1.5
Summonings     | 1 2 3 |  3.1

Action                   |  1- 3 |  4- 6 |  7- 9 | 10-12 || total
-------------------------+-------+-------+-------+-------++-------
Melee: Spear             |    92 |       |     6 |       ||    98
       Staff             |       |    36 |    52 |       ||    88
       Glaive            |       |       |    75 |   187 ||   262
 Cast: Freeze            |    21 |     3 |     2 |       ||    26
       Frozen Ramparts   |    10 |    15 |    45 |    54 ||   124
       Summon Ice Beast  |       |       |    18 |    65 ||    83
Evoke: Wand              |       |       |     4 |     2 ||     6
  Use: Potion            |       |     5 |     2 |     6 ||    13
       Scroll            |       |       |    10 |     5 ||    15
 Stab: Sleeping          |     3 |       |       |     6 ||     9
       Distracted        |     1 |       |     4 |     1 ||     6
       Invisible         |       |     1 |       |       ||     1
       Paralysed         |       |       |     3 |       ||     3
Armor: Robe              |    12 |     5 |    11 |    16 ||    44
Dodge: Dodged            |    67 |    34 |   144 |   256 ||   501

Table legend: (Time is in decaauts)
 A = Elapsed time spent in this place.
 B = Non-inter-level travel time spent in this place.
 C = Inter-level travel time spent in this place.
 D = Time resting spent in this place.
 E = Time spent auto-exploring this place.
 F = Levels seen in this place.
 G = Mean time per level.
                   A        B        C        D        E       F      G
               +--------+--------+--------+--------+--------+-----+--------+
         Total |  12598 |  11281 |   1317 |    564 |   7770 |  12 | 1049.8 |
       Dungeon |  11238 |   9956 |   1282 |    335 |   7097 |   9 | 1248.7 |
        Temple |    272 |    259 |     13 |    100 |    150 |   1 |  272.0 |
          Lair |    752 |    730 |     22 |    126 |    350 |   1 |  752.0 |
        Bailey |    334 |    334 |      0 |      3 |    172 |   1 |  334.0 |
               +--------+--------+--------+--------+--------+-----+--------+

Top non-repeatable levels by time:
     D:9: 1749 daAuts
     D:6: 1669 daAuts
     D:5: 1290 daAuts
     D:2: 1276 daAuts
     D:4: 1215 daAuts
     D:1: 1149 daAuts
     D:3: 1123 daAuts
     D:8: 954 daAuts
     D:7: 808 daAuts
  Lair:1: 752 daAuts
  Bailey: 334 daAuts
  Temple: 272 daAuts
